 Dungeon Crawl Stone Soup version 0.30-a0-6-g7c9e10e132 (webtiles) character file.

Game seed: 8219632870359720257

700 siradein the Trooper (level 7, -4/84 HPs)
             Began as a Demonspawn Fighter on Aug 22, 2022.
             Slain by an iguana (7 damage)
             ... on level 5 of the Dungeon.
             The game lasted 00:06:47 (4927 turns).

siradein the Trooper (Demonspawn Fighter)           Turns: 4927, Time: 00:06:47

Health: -4/84      AC: 18    Str: 18    XL:     7   Next: 38%
Magic:  7/7        EV:  7    Int: 12    God:
Gold:   168        SH:  5    Dex: 12    Spells: 4/6 levels left

rFire   + . .      SeeInvis .    a - +0 flail
rCold   . . .      Faith    .    c - +0 buckler
rNeg    . . .      Spirit   .    d - +4 chain mail {rF+}
rPois   .          Reflect  .    j - +0 helmet
rElec   .          Harm     .    (no cloak)
rCorr   .          Rampage  .    (no gloves)
Will    .....                    l - +2 pair of boots
Stlth   ..........               (no amulet)
HPRegen 0.24/turn                (no ring)
MPRegen 0.20/turn                (no ring)

@: berserking, very quick
A: magic regeneration, big brain 1, demonic touch 1
a: no special abilities


You were on level 5 of the Dungeon.
You visited 1 branch of the dungeon, and saw 5 of its levels.

You collected 168 gold pieces.

Inventory:

Hand Weapons
 a - a +0 flail (weapon)
Armour
 c - a +0 buckler (worn)
 d - a +4 chain mail of fire resistance (worn)
 j - a +0 helmet (worn)
 l - a +2 pair of boots (worn)
Jewellery
 h - an amulet of faith
Wands
 t - a wand of flame (18)
Scrolls
 e - a scroll of vulnerability {unknown}
 f - 3 scrolls of teleportation
 g - a scroll of noise {unknown}
 n - a scroll of blinking {unknown}
 o - a scroll of summoning {unknown}
 r - 2 scrolls of fog {unknown}
 s - a scroll of immolation {unknown}
 v - 3 scrolls of magic mapping {unknown}
Potions
 i - 4 potions of curing
 k - 2 potions of brilliance
 p - a potion of haste
 q - a potion of lignification {unknown}
 u - a potion of attraction {unknown}
 w - 2 potions of resistance


   Skills:
 + Level 5.1 Fighting
 + Level 4.2 Maces & Flails
 + Level 4.8 Armour
 - Level 4.0 Shields


You had 4 spell levels left.
You knew the following spells:

 Your Spells              Type           Power      Damage    Failure   Level
a - Wereblood             Tmut           0%         N/A       100%        2

Your spell library contained the following spells:

 Spells                   Type           Power      Damage    Failure   Level
 Foxfire                  Conj/Fire      0%         2x1d4     99%         1
 Sublimation of Blood     Necr           0%         N/A       100%        2
 Conjure Flame            Conj/Fire      0%         6-21      100%        3
 Inner Flame              Hex/Fire       0%         N/A       100%        3
 Flame Wave               Conj/Fire      0%         2d4       100%        4
 Summon Hydra             Summ           0%         N/A       100%        7


Dungeon Overview and Level Annotations

Branches:
Dungeon (5/15)
 Temple: D:4-7

Altars:
Cheibriados
Okawaru
Sif Muna


Innate Abilities, Weirdness & Mutations

You regenerate magic rapidly.
You have an unusually large brain. (Int +2)
Your touch may inflict minor irresistible damage on your foes.


Message History

The iguana completely misses you. The iguana attacks as you move away!
The iguana bites you but does no damage.
The phantom attacks as you move away! The phantom hits you.
The phantom hits you but does no damage. x2
The phantom barely misses you. The phantom attacks as you move away!
The phantom closely misses you. The phantom attacks as you move away!
The phantom barely misses you. The iguana attacks as you move away!
The iguana barely misses you. The phantom attacks as you move away!
The phantom closely misses you. The phantom hits you.
The phantom blinks!
You blink.
You open the door. The phantom barely misses you.
You block the phantom's attack.
The phantom hits you but does no damage.
There is an open door here.
The phantom attacks as you move away!
The phantom hits you but does no damage.
Items here: ))) [ รทรท.
You hit the phantom.
The phantom is moderately damaged.
The phantom hits you.
You sock the phantom!
The phantom is severely damaged.
The phantom hits you.
* * * LOW HITPOINT WARNING * * *
The phantom blinks!
You blink.
The phantom attacks as you move away! The phantom hits you.
* * * LOW HITPOINT WARNING * * *
You sock the phantom!
You destroy the phantom!
The phantom hits you.
* * * LOW HITPOINT WARNING * * *
The phantom barely misses you. The iguana bites you.
* * * LOW HITPOINT WARNING * * *
It was a potion of berserk rage.
A red film seems to cover your vision as you go berserk!
You feel yourself moving faster!
You feel mighty!
The phantom hits you but does no damage.
The iguana bites you!
You die...

##......#.#<..'...............
#......#.....#...............
#..........#)#...............
#..........#.#########.......
#..........#'#####...........
#............................
##...........................
#..........l................
#....[....W@.......#...#####
#..................##### #
#........#.........#
#........#.........#
#........#.........#
####.....#.........#
#.....########## #.....#
#######


You could see a phantom and an iguana.

Vanquished Creatures
  Menkaure (D:4)
  An ice beast (D:4)
  A phantom (D:5)
  2 scorpions (D:5)
  A jelly (D:5)
  A gnoll bouda (D:5)
  An iguana (D:4)
  Terence (D:2)
  A mummy (D:3)
  Robin (D:2)
  2 adders
  3 gnolls (D:5)
  An ufetubus (D:4)
  A worm (D:3)
  3 dart slugs
  2 orcs
  5 bats
  5 endoplasms
  6 giant cockroaches
  11 hobgoblins
  8 jackals (D:1)
  2 quokkas (D:4)
  10 ball pythons
  4 frilled lizards
  14 goblins
  8 kobolds
  3 rats
99 creatures vanquished.

Vanquished Creatures (others)
  A fungus (D:3)
1 creature vanquished.

Grand Total: 100 creatures vanquished

Notes
Turn   | Place    | Note
-------+----------+-------------------------------------------
     0 | D:1      | siradein the Demonspawn Fighter began the quest for the
                  | Orb.
     0 | D:1      | Reached XP level 1. HP: 18/18 MP: 1/1
   233 | D:1      | Gained mutation: Your touch may inflict minor irresistible
                  | damage on your foes. [demonic ancestry]
   233 | D:1      | Reached XP level 2. HP: 11/24 MP: 2/2
   872 | D:1      | Reached XP level 3. HP: 26/29 MP: 3/3
  1513 | D:2      | Noticed Robin
  1548 | D:2      | Killed Robin
  1549 | D:2      | Reached XP level 4. HP: 10/35 MP: 4/4
  1808 | D:2      | Noticed Terence
  1828 | D:2      | Killed Terence
  2776 | D:3      | Found a faded altar of an unknown god.
  2784 | D:3      | Got Plato's Secrets of the Salvo
  2798 | D:3      | Learned a level 2 spell: Wereblood
  2931 | D:3      | Found a snail-covered altar of Cheibriados.
  3021 | D:3      | Found a shimmering blue altar of Sif Muna.
  3033 | D:3      | Gained mutation: You have an unusually large brain. (Int
                  | +2) [demonic ancestry]
  3033 | D:3      | Reached XP level 5. HP: 42/42 MP: 5/5
  3438 | D:3      | Found an iron altar of Okawaru.
  3873 | D:4      | Noticed Menkaure
  3881 | D:4      | Killed Menkaure
  3882 | D:4      | Reached skill level 4 in Fighting
  3882 | D:4      | Reached XP level 6. HP: 18/48 MP: 6/6
  4381 | D:4      | Noticed an ice beast
  4406 | D:4      | Killed an ice beast
  4649 | D:5      | Entered Level 5 of the Dungeon
  4703 | D:5      | Gained mutation: You regenerate magic rapidly. [demonic
                  | ancestry]
  4703 | D:5      | Reached XP level 7. HP: 52/55 MP: 7/7
  4846 | D:5      | Reached skill level 5 in Fighting
  4926 | D:5      | HP: 2/56 [iguana (2)]
  4927 | D:5      | Slain by an iguana

Illustrated notes

Levels and vault maps discovered:
D:1:      spicycebolla_arrival_xxxplode, layout_basic, minivault_14,
          hangedman_decor_points, st_stairs_14, corner_web_ring
D:2:      layout_loops_ring, uniq_terence, uniq_robin
D:3:      layout_basic, okawaru_metal_pillars_3, slow_altar_1,
          mainiacjoe_overflow_tiny_flanked, mainiacjoe_overflow_24_doors,
          shapermc_ecumenical_altar_rom_forum
D:4:      layout_gridville, uniq_menkaure
D:5:      layout_basic, nicolae_ru_sacrificial_ziggurat, lemuel_doored_altar,
          lightli_ossuary_entry_decrepit_ruins

Skill      XL: |  1  2  3  4  5  6  7 |
---------------+----------------------+-----
Maces & Flails | 2 3 4 |  4.2
Armour         | 3 4 |  4.8
Shields        | 3 4 |  4.0
Fighting       | 4 5 |  5.1

Action                   |  1- 3 |  4- 6 |  7- 9 || total
-------------------------+-------+-------+-------++-------
Melee: Flail             |   141 |   179 |    50 ||   370
  Use: Potion            |       |     2 |     1 ||     3
       Scroll            |       |     4 |       ||     4
Armor: Scale mail        |    74 |     1 |       ||    75
       Chain mail        |       |   118 |    43 ||   161
Dodge: Dodged            |    88 |    60 |    20 ||   168
Block: Buckler           |    39 |    42 |    13 ||    94

Table legend: (Time is in decaauts)
 A = Elapsed time spent in this place.
 B = Non-inter-level travel time spent in this place.
 C = Inter-level travel time spent in this place.
 D = Time resting spent in this place.
 E = Time spent auto-exploring this place.
 F = Levels seen in this place.
 G = Mean time per level.
                   A        B        C        D        E       F      G
               +--------+--------+--------+--------+--------+-----+--------+
         Total |   5036 |   4955 |     81 |    178 |   3823 |   5 | 1007.2 |
       Dungeon |   5036 |   4955 |     81 |    178 |   3823 |   5 | 1007.2 |
               +--------+--------+--------+--------+--------+-----+--------+

Top non-repeatable levels by time:
     D:1: 1382 daAuts
     D:2: 1323 daAuts
     D:4: 1185 daAuts
     D:3: 849 daAuts
     D:5: 295 daAuts
